 Dungeon Crawl Stone Soup version 0.21.1-1-g345015f (webtiles) character file.

22 tidbits the Charmwright (level 2, 0/26 HPs)
             Began as a Gnoll Skald on June 23, 2018.
             Slain by an orc (2 damage)
             ... on level 3 of the Dungeon.
             The game lasted 00:01:57 (258 turns).

tidbits the Charmwright (Gnoll Skald)                Turns: 258, Time: 00:01:58

Health: 0/26       AC:  4    Str: 13    XL:     2   Next: 91%
Magic:  3/7        EV: 14    Int: 15    God:
Gold:   11         SH:  0    Dex: 14    Spells: 5/10 levels left

rFire    . . .     SeeInvis .   h - +0 flail
rCold    . . .     Gourm    .   (no shield)
rNeg     . . .     Faith    .   b - +0 leather armour
rPois    .         Spirit   .   E - +0 helmet
rElec    .         Reflect  .   (no cloak)
rCorr    .         Harm     .   (no gloves)
MR       .....                  (no boots)
Stlth    +.........             (no amulet)
HPRegen  0.08/turn              (no ring)
MPRegen  0.10/turn              (no ring)

@: singing (expiring)
A: distributed training, fangs 1, strong nose
a: no special abilities


You were on level 3 of the Dungeon.
You were not hungry.

You visited 1 branch of the dungeon, and saw 3 of its levels.

You collected 11 gold pieces.

Inventory:

Hand Weapons
 a - a +0 hand axe
 f - a +0 dagger
 h - a +0 flail (weapon)
Missiles
 i - 2 tomahawks (quivered)
Armour
 b - a +0 leather armour (worn)
 E - a +0 helmet (worn)
Scrolls
 e - a scroll of enchant weapon {unknown}
Potions
 g - a potion of resistance {unknown}
 j - a potion of agility {unknown}
Books
 c - a book of Battle

   Spells                             Type                      Level
   a - Infusion                       Charms                       1
   b - Shroud of Golubria             Charms/Translocation         2
   c - Song of Slaying                Charms                       2
   d - Spectral Weapon                Hexes/Charms                 3
   e - Regeneration                   Charms/Necromancy            3
Comestibles
 d - 4 rations


   Skills:
 + Level 4.5 Fighting
 + Level 0.5 Short Blades
 + Level 0.5 Long Blades
 + Level 4.5 Axes
 + Level 0.5 Maces & Flails
 + Level 0.5 Polearms
 + Level 0.5 Staves
 + Level 0.5 Slings
 + Level 0.5 Bows
 + Level 0.5 Crossbows
 + Level 0.5 Throwing
 + Level 2.5 Armour
 + Level 4.5 Dodging
 + Level 0.5 Stealth
 + Level 0.5 Shields
 + Level 0.5 Unarmed Combat
 + Level 4.9 Spellcasting
 + Level 0.4 Conjurations
 + Level 0.4 Hexes
 + Level 5.4 Charms
 + Level 0.4 Summonings
 + Level 0.4 Necromancy
 + Level 0.4 Translocations
 + Level 0.4 Transmutations
 + Level 0.4 Fire Magic
 + Level 0.4 Ice Magic
 + Level 0.4 Air Magic
 + Level 0.4 Earth Magic
 + Level 0.4 Poison Magic
 + Level 0.7 Invocations
 + Level 0.5 Evocations


You had 5 spell levels left.
You knew the following spells:

 Your Spells              Type           Power        Failure   Level  Hunger
g - Shroud of Golubria    Chrm/Tloc      ##........   10%         2    ##.....
i - Infusion              Chrm           ###.         2%          1    None
y - Song of Slaying       Chrm           ###.....     3%          2    ##.....


Dungeon Overview and Level Annotations

Branches:
Dungeon (3/15)

Altars:


Innate Abilities, Weirdness & Mutations

Your experience applies equally to all skills.
You have very sharp teeth.
Your uncanny sense of smell can sniff out nearby items.


Message History

You see here a ration.
d - 3 rations (gained 1)
A hobgoblin comes into view. It is wielding a club.
The hobgoblin shouts!
Casting: Infusion
Confirm with . or Enter, or press ? or * to list all spells.
You start singing a song of slaying.
You completely miss the hobgoblin. The hobgoblin hits you with a club.
* * * LOW HITPOINT WARNING * * *
You closely miss the hobgoblin. The hobgoblin hits you with a club.
* * * LOW HITPOINT WARNING * * *
You hit the hobgoblin.
The hobgoblin is almost dead.
The hobgoblin misses you.
You hit the hobgoblin but do no damage.
The hobgoblin is severely wounded.
The hobgoblin misses you.
You hit the hobgoblin.
You kill the hobgoblin!
Your magical infusion is running out.
Things that are here:
a club; a hobgoblin corpse Unknown command.
Found a leather armour.
You see here a ration.
d - 4 rations (gained 1)
Things that are here:
a club; a hobgoblin corpse You are no longer magically infusing your attacks.
Found a helmet.
You see here a helmet.
h - a helmet Wear which item? (? for menu, Esc to quit)
You start putting on your armour.
You continue putting on your helmet. x3
Your song is almost over.
You continue putting on your helmet.
You finish putting on your +0 helmet.
Adjust (i)tems, (s)pells, or (a)bilities?
Adjust which item? (? for menu, Esc to quit)
h - a +0 helmet (worn)
Adjust to which letter? (? for menu, Esc to quit)
E - a +0 helmet (worn)
Your song has ended.
There is a stone staircase leading down here.
You climb downwards.
A bat comes into view.
There is a stone staircase leading up here.
A quokka comes into view.
Casting: Song of Slaying
Confirm with . or Enter, or press ? or * to list all spells.
You start singing a song of slaying.
You hear a shout! x3
An orc comes into view. It is wielding a flail.
Found a golden potion.
Unknown command.
You closely miss the quokka. Your bite misses the quokka. The quokka bites you.
* * * LOW HITPOINT WARNING * * *
The quokka closely misses you.
You hit the quokka.
The quokka is severely wounded.
The quokka closely misses you.
You miss the quokka. You bite the quokka, but do no damage.
The quokka is severely wounded.
The quokka misses you.
You hit the quokka.
The quokka is almost dead.
The quokka bites you.
* * * LOW HITPOINT WARNING * * *
The quokka twitches its whiskers.
The quokka bites you.
* * * LOW HITPOINT WARNING * * *
You hit the quokka but do no damage.
The quokka is almost dead.
You hit the orc. The orc closely misses you. The quokka misses you.
You slash the orc!
You kill the orc!
You hit the quokka.
You kill the quokka!
You hear a shout! x2
An orc comes into view. It is wielding a short sword.
Things that are here:
a flail; 2 tomahawks
h - a flail;
i - 2 tomahawks Wield which item (- for none, * to show all)? (? for menu, Esc to quit)
h - a +0 flail (weapon)
You see here a golden potion.
j - a golden potion You hit the orc but do no damage.
The orc hits you with a short sword.
* * * LOW HITPOINT WARNING * * *
You thump the orc!
You kill the orc!
An orc comes into view.
Things that are here:
a short sword; an orc corpse You barely miss the orc.
Your song is almost over.
The orc hits you.
* * * LOW HITPOINT WARNING * * *
The orc hits you.
You die...

### ..# #.#
#.# #.# #.#
#.# #.#
######@####
#....o†...#
#.####.##.#
#.##<#
#.##.#
#....#
###..# #..#
#..#


You could see an orc.

Vanquished Creatures
  A dart slug (D:1)
  2 orcs (D:3)
  2 goblins (D:1)
  3 hobgoblins
  4 jackals (D:1)
  A kobold (D:1)
  A quokka (D:3)
  A frilled lizard (D:1)
15 creatures vanquished.

Notes
Turn   | Place    | Note
-------+----------+-------------------------------------------
     0 | D:1      | tidbits the Gnoll Skald began the quest for the Orb.
     0 | D:1      | Reached XP level 1. HP: 20/20 MP: 6/6
   137 | D:1      | Reached XP level 2. HP: 22/26 MP: 0/7
   161 | D:1      | Learned a level 2 spell: Song of Slaying
   164 | D:1      | Learned a level 2 spell: Shroud of Golubria
   258 | D:3      | HP: 2/26 [orc (3)]
   258 | D:3      | Slain by an orc

Action                   || total
-------------------------++-------
Melee: Hand axe          ||    38
       Bite              ||     4
       Flail             ||     3
 Cast: Infusion          ||     3
       Song of Slaying   ||     2
Armor: Leather armour    ||     4
Dodge: Dodged            ||    29

Table legend:
 A = Turns spent in this place as a percentage of turns spent in the entire game.
 B = Non-inter-level travel turns spent in this place as a percentage of non-inter-level travel turns spent in the entire game.
 C = Inter-level travel turns spent in this place as a percentage of turns spent in this place.
 D = Turns resting spent in this place as a percentage of non-inter-level travel turns spent in this place.
 E = Turns spent auto-exploring this place as a percentage of non-inter-level travel turns spent in this place.
 F = Non-inter-level travel turns spent in this place divided by the number of levels of this place that you've seen.
                   A       B       C       D       E      F
               +-------+-------+-------+-------+-------+----------------------
         Total | 100.0 | 100.0 |   0.0 |   0.0 |   0.0 |  86.0
       Dungeon | 100.0 | 100.0 |   0.0 |   0.0 |   0.0 |  86.0
               +-------+-------+-------+-------+-------+----------------------

Table legend:
 A = Kills in this place as a percentage of kills in entire the game.
 B = Kills by you in this place as a percentage of kills by you in the entire game.
 C = Kills by friends in this place as a percentage of kills by friends in the entire game.
 D = Other kills in this place as a percentage of other kills in the entire game.
 E = Experience gained in this place as a percentage of experience gained in the entire game.
 F = Experience gained in this place divided by the number of levels of this place that you have seen.
                   A       B       C       D       E      F
               +-------+-------+-------+-------+-------+----------------------
         Total | 100.0 | 100.0 |   N/A |   N/A | 100.0 |  10.7
       Dungeon | 100.0 | 100.0 |   N/A |   N/A | 100.0 |  10.7
               +-------+-------+-------+-------+-------+----------------------

Vault maps used:
D:1:      lightli_arrival_chessboard
D:2:      uniq_robin, uniq_crazy_yiuf_cottage
D:3:      grunt_temple_overflow_gold_and_silver, first_ration
